 Seeded DCSS version 0.28-a0-1389-gc726bef33b (webtiles) character file.

Game seed: 6950911245894813293 (custom seed)

210 flotson the Ducker (level 5, 0/38 (41) HPs)
             Began as a Demonspawn Gladiator on Jan 3, 2022.
             Killed from afar by an orc wizard (5 damage)
             ... with a magic dart
             ... on level 3 of the Dungeon.
             The game lasted 00:04:32 (3853 turns).

flotson the Ducker (Demonspawn Gladiator)           Turns: 3853, Time: 00:04:33

HP:   0/38 (41)     AC:  7    Str: 17    XL:     5   Next: 57%
MP:   5/5           EV: 11    Int:  9    God:
Gold: 75            SH:  0    Dex: 14    Spells: 4/4 levels left

rFire   . . .      SeeInvis .   i - +0 whip (flame)
rCold   . . .      Faith    .   (no shield)
rNeg    . . .      Spirit   .   k - +0 scale mail
rPois   .          Reflect  .   c - +0 helmet
rElec   .          Harm     .   (no cloak)
rCorr   .          Rampage  .   (no gloves)
Will    .....                   (no boots)
Stlth   ..........              (no amulet)
HPRegen 0.12/turn               (no ring)
MPRegen 0.09/turn               (no ring)

@: drained
A: hooves 1, demonic guardian 1, sturdy frame 1
a: no special abilities


You were on level 3 of the Dungeon.
You visited 1 branch of the dungeon, and saw 3 of its levels.

You collected 75 gold pieces.

Inventory:

Hand Weapons
 i - a +0 whip of flaming (weapon)
Missiles
 d - 4 throwing nets (quivered)
 f - 11 poisoned darts
Armour
 c - a +0 helmet (worn)
 k - a +0 scale mail (worn)
Scrolls
 a - a scroll of vulnerability {unknown}
 g - a scroll of identify {unknown}
 h - a scroll of amnesia {unknown}
 l - a scroll of summoning {unknown}
Potions
 b - a potion of haste {unknown}
 e - a potion of might {unknown}
 j - a potion of curing {unknown}


   Skills:
 + Level 3.0 Fighting
 + Level 2.0(2.6) Axes
 - Level 2.6(3.0) Maces & Flails
 + Level 2.8 Throwing
 + Level 2.0 Armour
 + Level 3.5 Dodging


You had 4 spell levels left.
You didn't know any spells.
Your spell library was empty.

Dungeon Overview and Level Annotations

Branches:
Dungeon (3/15)

Altars:


Innate Abilities, Weirdness & Mutations

You have large cloven feet.
A weak demonic guardian rushes to your aid.
Your movements are slightly less encumbered by armour. (ER -2)


Message History

You closely miss something.
You hear some strange, mumbled words.
You are more confused.
The orc barely misses you.
The orc hits you with a +3 flail of draining.
You feel drained. The orc barely misses you.
You bump into the rock wall.
Something hits you. The orc hits you with a +0 war axe.
The orc barely misses you. The orc hits you but does no damage.
You're too confused to move!
Something hits you but does no damage. The orc hits you with a +0 war axe.
The orc closely misses you. x2
You bump into the rock wall.
Something hits you but does no damage. The orc misses you.
The orc closely misses you. The orc hits you but does no damage.
You're too confused to move!
Something hits you but does no damage. The orc hits you but does no damage.
The orc closely misses you. The orc barely misses you.
You hit something. You burn something. Something hits you.
The orc hits you with a +0 war axe. The orc misses you.
The orc hits you but does no damage.
You bump into the rock wall.
You hear some strange, mumbled words.
A magic dart appears from out of thin air!
The magic dart hits you but does no damage.
The orc hits you with a +3 flail of draining.
You feel drained. The orc hits you with a +0 war axe.
* * * LOW HITPOINT WARNING * * *
A demonic guardian appears!
The orc hits you but does no damage.
You bump into the rock wall.
You feel less confused. Something hits you but does no damage.
The orc closely misses you. The orc barely misses you.
The orc hits you with a +0 hand axe.
* * * LOW HITPOINT WARNING * * *
Your shadow imp barely misses something.
Unknown command.
You hit something but do no damage.
You hear some strange, mumbled words.
A magic dart appears from out of thin air!
The magic dart hits you.
You die...

##.. ##..# #####..#
#......# #......#
#......# ####5.....##
#o@{..###..#
#oo##....#.#####
########.#######.....####
#..........# #..#..(..#
#..........# #..#.###..
#...o......# ##.#...##.
#...........# #.##...##
#..........).. #..#....#
#............## ##.##....


You could see 3 orcs and a friendly shadow imp (summoned).

Vanquished Creatures
  8 gnolls
  3 adders
  2 worms
  3 dart slugs
  3 orcs
  5 bats
  2 endoplasms
  2 giant cockroaches
  8 goblins
  3 hobgoblins (D:1)
  3 jackals (D:1)
  5 quokkas
  2 ball pythons
  5 frilled lizards
  A jackal zombie (D:3)
  6 kobolds
  8 rats
69 creatures vanquished.

Vanquished Creatures (collateral kills)
  3 gnolls (D:2)
3 creatures vanquished.

Grand Total: 72 creatures vanquished

Notes
Turn   | Place    | Note
-------+----------+-------------------------------------------
     0 | D:1      | flotson the Demonspawn Gladiator began the quest for the
                  | Orb.
     0 | D:1      | Reached XP level 1. HP: 16/16 MP: 1/1
   212 | D:1      | Gained mutation: Your movements are slightly less
                  | encumbered by armour. (ER -2) [demonic ancestry]
   212 | D:1      | Reached XP level 2. HP: 20/22 MP: 2/2
   857 | D:1      | Gained mutation: You have large cloven feet. [demonic
                  | ancestry]
   857 | D:1      | Reached XP level 3. HP: 28/28 MP: 3/3
   903 | D:1      | Reached skill level 1 in Axes
   919 | D:1      | Reached skill level 1 in Armour
  1736 | D:2      | Gained mutation: A weak demonic guardian rushes to your
                  | aid. [demonic ancestry]
  1736 | D:2      | Reached XP level 4. HP: 19/34 MP: 4/4
  1982 | D:2      | Found a faded altar of an unknown god.
  2486 | D:2      | Reached XP level 5. HP: 17/40 MP: 5/5
  2908 | D:2      | Found a faded altar of an unknown god.
  3853 | D:3      | Killed from afar by an orc wizard

Illustrated notes

Levels and vault maps discovered:
D:1:      dpeg_arrival_rooms_b, layout_basic, minmay_tree_intersection
D:2:      layout_basic, shapermc_ecumenical_altar_gd, kennysheep_doodads,
          minivault_26
D:3:      minmay_evil_eye, layout_rooms, chequers_avenue,
          kennysheep_generic_room_2

Skill      XL: |  1  2  3  4  5 |
---------------+----------------+-----
Throwing       | 2 |  2.8
Axes           | 1 2 |  2.0
Dodging        | 3 |  3.5
Armour         | 1 2 |  2.0
Fighting       | 3 |  3.0
Maces & Flails | |  2.6

Action                   |  1- 3 |  4- 6 || total
-------------------------+-------+-------++-------
Melee: Flail             |    84 |       ||    84
       Whip              |    27 |    88 ||   115
       Kick              |    13 |    26 ||    39
 Stab: Sleeping          |     1 |       ||     1
Armor: Leather armour    |     8 |       ||     8
       Ring mail         |    55 |    17 ||    72
       Scale mail        |       |    28 ||    28
Dodge: Dodged            |    95 |    66 ||   161

Table legend: (Time is in decaauts)
 A = Elapsed time spent in this place.
 B = Non-inter-level travel time spent in this place.
 C = Inter-level travel time spent in this place.
 D = Time resting spent in this place.
 E = Time spent auto-exploring this place.
 F = Levels seen in this place.
 G = Mean time per level.
                   A        B        C        D        E       F      G
               +--------+--------+--------+--------+--------+-----+--------+
         Total |   3873 |   3675 |    198 |    139 |   2912 |   3 | 1291.0 |
       Dungeon |   3873 |   3675 |    198 |    139 |   2912 |   3 | 1291.0 |
               +--------+--------+--------+--------+--------+-----+--------+

Top non-repeatable levels by time:
     D:2: 1838 daAuts
     D:1: 1800 daAuts
     D:3: 234 daAuts
